 Dungeon Crawl Stone Soup version 0.24-a0-335-g06ca16a (webtiles) character file.

Game seed: 5028597842874355589

6605 silenth the Fighter (level 10, -17/84 HPs)
             Began as a Demonspawn Hunter on May 19, 2019.
             Was a Priest of Okawaru.
             Demolished by a soul eater (19 damage)
             ... in a Gauntlet.
             The game lasted 00:24:33 (10549 turns).

silenth the Fighter (Demonspawn Hunter)            Turns: 10549, Time: 00:24:33

Health: -17/84     AC: 10    Str: 11    XL:     10   Next: 71%
Magic:  13/13      EV: 12    Int: 12    God:    Okawaru [***...]
Gold:   439        SH:  4    Dex: 17    Spells: 6/9 levels left

rFire    . . .     SeeInvis .   b - +3 scimitar
rCold    . . .     Gourm    .   D - +0 buckler
rNeg     + . .     Faith    .   F - +1 ring mail "Huakon" {rPois rN+ MR+ Str-2}
rPois    +         Spirit   .   (helmet restricted)
rElec    .         Reflect  .   L - +0 cloak
rCorr    .         Harm     .   (no gloves)
MR       +....     NoTele   +   O - +1 pair of boots
Stlth    +++.......             (no amulet)
HPRegen  0.24/turn              A - ring of wizardry
MPRegen  0.13/turn              C - ring of poison resistance

@: lightly drained
A: horns 1, rugged brown scales 1, powered by death 1, spiny 2
a: Heroism, Renounce Religion


You were in a Gauntlet.
You worshipped Okawaru.
Okawaru was most pleased with you.
You were not hungry.

You visited 2 branches of the dungeon, and saw 12 of its levels.
You also visited: Gauntlet.

You collected 439 gold pieces.

Inventory:

Hand Weapons
 a - a +2 short sword of freezing
 b - a +3 scimitar (weapon)
Missiles
 c - 4 javelins (quivered)
 d - 4 boomerangs of dispersal
 z - 93 sling bullets
 G - 7 atropa-tipped darts
Armour
 w - a +0 leather armour
 D - a +0 buckler (worn)
 F - the +1 ring mail "Huakon" (worn) {rPois rN+ MR+ Str-2}
   (You took it off an orc on level 4 of the Dungeon)

   It affects your strength (-2).
   It protects you from poison.
   It protects you from negative energy.
   It affects your resistance to hostile enchantments.
 H - a +0 plate armour of fire resistance
 K - a +1 ring mail of cold resistance
 L - a +0 cloak (worn)
 O - a +1 pair of boots (worn)
Jewellery
 A - a ring of wizardry (left hand)
 C - a ring of poison resistance (right hand)
Wands
 v - a wand of acid (1)
 M - a wand of clouds (3)
Scrolls
 j - 2 scrolls of amnesia {unknown}
 l - a scroll of fog {unknown}
 r - 3 scrolls of remove curse
 u - 2 scrolls of magic mapping
 x - a scroll of random uselessness {unknown}
 y - 2 scrolls of enchant armour {unknown}
 I - a scroll of teleportation
 J - a scroll of enchant weapon {unknown}
Potions
 f - 2 potions of invisibility
 g - 2 potions of curing
 h - 2 potions of heal wounds
 k - 3 potions of resistance
 m - a potion of agility
 n - a potion of flight
 o - a potion of ambrosia
 p - 3 potions of mutation
 s - 3 potions of brilliance
 t - 3 potions of might
 B - 3 potions of haste
 N - a potion of magic
Comestibles
 e - 15 rations


   Skills:
 + Level 8.9(8.6) Fighting
 + Level 2.0(1.7) Long Blades
 + Level 8.8(8.4) Throwing
 - Level 3.0(2.8) Armour
 - Level 5.0(4.7) Dodging
 + Level 7.1(6.8) Stealth
 + Level 2.0(1.8) Shields
 - Level 4.0(3.7) Invocations
 - Level 2.0(1.7) Evocations


You had 6 spell levels left.
You knew the following spells:

 Your Spells              Type           Power        Failure   Level  Hunger
a - Apportation           Tloc           #.....       38%         1    ##.....
b - Animate Skeleton      Necr           N/A          38%         1    ##.....
c - Confusing Touch       Hex            #.....       38%         1    ##.....

Your spell library contained the following spells:

 Spells                   Type           Power        Failure   Level  Hunger
 Corona                   Hex            #......      38%         1    ##.....
 Sandblast                Erth           #.....       38%         1    ##.....
 Summon Small Mammal      Summ           #...         38%         1    ##.....
 Passwall                 Tmut/Erth      #.......     50%         2    ###....
 Slow                     Hex            #.......     50%         2    ###....
 Inner Flame              Hex/Fire       #.......     73%         3    ####...
 Portal Projectile        Hex/Tloc       #.....       73%         3    ####...
 Stone Arrow              Conj/Erth      #.....       73%         3    ####...
 Cause Fear               Hex            #.........   98%         4    #####..
 Leda's Liquefaction      Hex/Erth       #.........   98%         4    #####..
 Petrify                  Tmut/Erth      #.......     98%         4    #####..
 Lee's Rapid Deconstruct  Erth           #.........   100%        5    ######.


Dungeon Overview and Level Annotations

Branches:
Dungeon (12/15)            Temple (1/1) D:6
   Lair: D:8-11         Orc: D:9-12

Altars:
Ashenzari
Dithmenos
Elyvilon
Fedhas
Gozag
Hepliaklqana
Kikubaaqudgha
Makhleb
Nemelex Xobeh
Okawaru
Qazlal
Ru
Sif Muna
Trog
Uskayaw
Vehumet
Wu Jian
Xom
Yredelemnul
Zin
The Shining One
Beogh

Shops:
D:6 [

Annotations:
D:9 1 runed translucent door Gauntlet 11 transporters, 2 runed translucent doors


Innate Abilities, Weirdness & Mutations

You have a pair of small horns on your head.
You are partially covered in rugged brown scales. (AC +1, +3% HP)
You regenerate a little health from kills.
You are mostly covered in sharp spines.


Message History

The soul eater is severely wounded.
The soul eater hits you!
* * * LOW HITPOINT WARNING * * *
You partially resist.
You feel drained.
* * * LOW HITPOINT WARNING * * *
You slash the soul eater!
The soul eater is almost dead.
You feel like a meek peon again.
The soul eater hits you but does no damage.
You hit the soul eater but do no damage.
The soul eater is almost dead.
The soul eater is struck by your spines.
The soul eater closely misses you.
You closely miss the soul eater.
The soul eater is almost dead.
The soul eater hits you!!
* * * LOW HITPOINT WARNING * * *
The soldier ant waves its antennae.
The soul eater hits you!!
You die...

▒▒..▒.###...▒.⌠.▒D.▒▒+!▒▒.⌠
▒▒...▒..#....▒...▒▒▒...▒▒▒..
▒▒≈.∩.▒....G..▒.⌠.▒▒▒
▒▒≈≈...▒▒▒▒▒▒▒▒▒...▒▒▒
▒≈≈≈.⌠.........▒.⌠....
▒▒≈≈...▒▒▒▒▒▒▒▒▒...▒▒▒
▒▒≈.∩.▒.▒#..#▒▒.⌠.▒©#
▒▒...▒▒..#▒.[▒...▒.#.#▒#.▒..
▒▒..▒.#▒.#@?▒.⌠.▒^.^#...▒.⌠
▒▒©▒#.#©3#©▒©.©▒▒#▒#.#▒▒©.
▒▒≈.▒.▒.#.▒.▒▒▒▒▒a....#©▒▒▒
▒≈≈.▒.#..▒#.▒...▒a#▒#▒#!▒..
▒▒≈.▒▒.▒#..▒▒.⌠.▒aaa...}▒.⌠
▒▒.▒▒▒▒▒▒▒▒▒...▒▒▒▒▒▒▒▒▒..
▒≈........................
▒≈≈≈▒≈≈≈▒≈≈≈▒≈≈≈▒≈≈≈▒≈≈≈▒≈≈
▒▒≈▒▒▒≈▒▒▒≈▒▒▒≈▒▒▒≈▒▒▒≈▒▒▒≈


You could see a queen ant, a soul eater, 2 soldier ants and a floating eye.

Vanquished Creatures
  2 two-headed ogres
  A cyclops (D:12)
  The ghost of meatyocre the Skirmisher, a novice HuAr of Dithmenos (D:4)
  A hippogriff (D:6)
  A wyvern (D:9)
  A yak (D:7)
  A human (D:7)
  3 hogs (D:7)
  Menkaure (D:7)
  A water moccasin (D:8)
  3 ice beasts
  8 orc warriors
  2 phantoms
  A black bear (D:7)
  An ogre (D:8)
  The ghost of robertstho the Shooter, an amateur CeAM (D:3)
  3 centaurs
  3 bullfrogs
  2 scorpions (D:7)
  4 wights (D:6)
  4 crimson imps
  3 howler monkeys (D:8)
  A centaur zombie (D:5)
  6 orc priests
  A hound (D:6)
  11 orc wizards
  A centaur skeleton (D:5)
  A bullfrog skeleton (D:8)
  2 iguanas
  A worker ant (D:7)
  2 hound skeletons (D:8)
  Robin (D:2)
  A howler monkey skeleton (D:6)
  6 adders
  3 shadow imps
  2 oozes
  An adder skeleton (D:8)
  2 worms (D:3)
  A dart slug (D:2)
  2 leopard geckos
  37 orcs
  7 bats
  3 giant cockroaches
  11 goblins
  6 hobgoblins
  5 jackals (D:8)
  4 quokkas
  4 frilled lizards
  9 kobolds
  2 quokka skeletons
  6 rats
187 creatures vanquished.

Vanquished Creatures (others)
  Harold (D:7)
1 creature vanquished.

Grand Total: 188 creatures vanquished

Notes
Turn   | Place    | Note
-------+----------+-------------------------------------------
     0 | D:1      | silenth the Demonspawn Hunter began the quest for the Orb.
     0 | D:1      | Reached XP level 1. HP: 16/16 MP: 1/1
   662 | D:1      | Gained mutation: You are partially covered in rugged brown
                  | scales. (AC +1, +3% HP) [demonic ancestry]
   662 | D:1      | Reached XP level 2. HP: 6/23 MP: 2/2
  1114 | D:1      | Reached skill level 4 in Throwing
  1405 | D:2      | Gained mutation: You are partially covered in sharp spines.
                  | [demonic ancestry]
  1405 | D:2      | Reached XP level 3. HP: 25/28 MP: 3/3
  1646 | D:2      | Noticed Robin
  1651 | D:2      | Reached skill level 3 in Fighting
  1656 | D:2      | Killed Robin
  2142 | D:3      | Gained mutation: You are mostly covered in sharp spines.
                  | [demonic ancestry]
  2142 | D:3      | Reached XP level 4. HP: 20/36 MP: 4/4
  2636 | D:3      | Found a large runed translucent door.
  2636 | D:3      | Found a large runed translucent door.
  2637 | D:3      | Noticed robertstho's ghost (amateur CeAM)
  2659 | D:3      | Reached skill level 1 in Stealth
  2771 | D:3      | Found a basalt altar of Yredelemnul.
  2981 | D:4      | Found a runed translucent gate.
  2981 | D:4      | Found a runed translucent gate.
  2981 | D:4      | Found a runed translucent gate.
  2984 | D:4      | Noticed meatyocre's ghost (novice HuAr)
  2986 | D:4      | Identified the cursed +1 spear "Peagewae" {venom, rElec
                  | Str-5 Stlth+}
  2986 | D:4      | Identified the +1 ring mail "Huakon" {rPois rN+ MR+ Str-2}
  2988 | D:4      | Noticed an orc warrior
  3070 | D:4      | Gained mutation: You regenerate a little health from kills.
                  | [demonic ancestry]
  3070 | D:4      | Reached XP level 5. HP: 14/43 MP: 5/5
  3072 | D:4      | Reached skill level 1 in Evocations
  3519 | D:4      | Found a roughly hewn altar of Beogh.
  3680 | D:5      | Entered Level 5 of the Dungeon
  3729 | D:5      | Noticed an ice beast
  3746 | D:5      | Killed an ice beast
  3746 | D:5      | Reached skill level 4 in Fighting
  3746 | D:5      | Reached skill level 5 in Throwing
  3746 | D:5      | Reached skill level 2 in Stealth
  3957 | D:5      | Reached XP level 6. HP: 49/49 MP: 7/7
  4111 | D:5      | Reached skill level 2 in Evocations
  4482 | D:5      | Learned a level 1 spell: Apportation
  4484 | D:5      | Learned a level 1 spell: Animate Skeleton
  4486 | D:5      | Learned a level 1 spell: Confusing Touch
  4888 | D:6      | Reached skill level 3 in Stealth
  4888 | D:6      | Reached XP level 7. HP: 39/56 MP: 8/8
  4992 | D:6      | Reached skill level 5 in Fighting
  5199 | D:6      | Reached skill level 6 in Throwing
  5199 | D:6      | Reached skill level 4 in Stealth
  5258 | D:6      | Found Nojiemm's Antique Armour Emporium.
  5287 | D:6      | Reached XP level 8. HP: 58/65 MP: 9/9
  5449 | D:6      | Reached skill level 6 in Fighting
  5497 | D:6      | HP: 3/65 [orc warrior/+0 hand axe (9)]
  6091 | D:6      | Found a staircase to the Ecumenical Temple.
  6101 | Temple   | Entered the Ecumenical Temple
  6289 | Temple   | Became a worshipper of Warmaster Okawaru
  6652 | D:6      | Reached skill level 7 in Throwing
  6924 | D:7      | Reached skill level 2 in Dodging
  6939 | D:7      | Noticed Menkaure
  6943 | D:7      | Killed Menkaure
  6943 | D:7      | Reached skill level 1 in Armour
  6943 | D:7      | Noticed Harold
  7082 | D:7      | Noticed a hippogriff
  7091 | D:6      | Killed a hippogriff
  7091 | D:6      | Reached skill level 7 in Fighting
  7277 | D:7      | Reached * piety under Okawaru
  7347 | D:7      | Gained mutation: You have a pair of small horns on your
                  | head. [demonic ancestry]
  7347 | D:7      | Reached XP level 9. HP: 74/74 MP: 10/10
  7392 | D:7      | Reached skill level 2 in Armour
  7392 | D:7      | Reached skill level 1 in Invocations
  7442 | D:7      | Reached skill level 3 in Dodging
  7464 | D:7      | Reached skill level 5 in Stealth
  7464 | D:7      | Reached skill level 2 in Invocations
  7842 | D:7      | Killed Harold
  8047 | D:7      | Reached skill level 3 in Invocations
  8083 | D:7      | Reached skill level 4 in Invocations
  8278 | D:7      | Reached ** piety under Okawaru
  8299 | D:7      | Reached skill level 3 in Armour
  8447 | D:8      | Reached skill level 4 in Dodging
  8476 | D:8      | Noticed a two-headed ogre
  8521 | D:7      | Killed a two-headed ogre
  8521 | D:7      | Reached skill level 8 in Fighting
  8521 | D:7      | Reached skill level 8 in Throwing
  8521 | D:7      | Reached skill level 6 in Stealth
  8521 | D:7      | Reached XP level 10. HP: 18/82 MP: 13/13
  8970 | D:8      | Noticed a two-headed ogre
  8985 | D:8      | Killed a two-headed ogre
  8985 | D:8      | Reached *** piety under Okawaru
  8985 | D:8      | Reached skill level 5 in Dodging
  9457 | D:8      | Found a burning altar of Makhleb.
  9459 | D:8      | Noticed an Executioner
  9463 | D:8      | Noticed an orange demon
  9463 | D:8      | Noticed an orange demon
  9986 | D:3      | Killed robertstho's ghost
 10045 | D:4      | Reached skill level 1 in Shields
 10049 | D:4      | Reached skill level 1 in Long Blades
 10068 | D:4      | Killed meatyocre's ghost
 10231 | D:9      | Found a runed translucent door.
 10233 | D:9      | Reached skill level 7 in Stealth
 10245 | D:9      | You fall through a shaft for 3 floors!
 10275 | D:12     | Noticed a cyclops
 10287 | D:12     | Killed a cyclops
 10287 | D:12     | Reached skill level 2 in Shields
 10308 | D:12     | Reached skill level 2 in Long Blades
 10324 | D:12     | Found a gate leading to a gauntlet.
 10338 | Gauntlet | Entered a Gauntlet
 10338 | Gauntlet | Found a transporter.
 10338 | Gauntlet | Found a transporter.
 10338 | Gauntlet | Noticed a soul eater
 10346 | Gauntlet | Found a transporter.
 10350 | Gauntlet | Found a transporter.
 10355 | Gauntlet | Noticed a queen ant
 10362 | Gauntlet | Found a transporter.
 10362 | Gauntlet | Found a transporter.
 10367 | Gauntlet | Noticed an orange demon
 10368 | Gauntlet | Noticed an orange demon
 10370 | Gauntlet | Found a transporter.
 10370 | Gauntlet | Noticed a green death
 10386 | Gauntlet | Found a transporter.
 10389 | Gauntlet | Noticed a reaper
 10400 | Gauntlet | Found a transporter.
 10404 | Gauntlet | Found a transporter.
 10406 | Gauntlet | Found a runed translucent door.
 10408 | Gauntlet | Found a runed translucent door.
 10412 | Gauntlet | Found a transporter.
 10416 | Gauntlet | Found a transporter.
 10440 | Gauntlet | Noticed a shining eye
 10549 | Gauntlet | HP: 2/84 [soul eater (20)]
 10549 | Gauntlet | Demolished by a soul eater

Levels and vault maps discovered:
D:1:      psy_arrival_spokes, layout_basic
D:2:      layout_basic, first_ration, uniq_robin
D:3:      layout_loops_ring, ebering_ghost_disaster_area, chequers_mini_garden,
          lemuel_statue_altar
D:4:      layout_cave_pools, biasface_ghost_orc_armoury
D:5:      layout_gridville, minmay_a_box_with_orc_wizards_in_it
D:6:      layout_basic, minmay_temple_entry_glass, serial_shops, shop
D:7:      layout_rooms, grunt_livestock, uniq_menkaure, uniq_harold
D:8:      layout_loops_ring, makhleb_altar_promises_db
D:9:      layout_rooms, lemuel_coloured_pillars_altar, serial_shops, shop_coins,
          serial_corexii_hall, chequers_hall_statues_corner_a,
          chequers_hall_statues_wall_a, ebering_ghost_xom
D:11:     layout_long_grid, minmay_orc_entry_temple_small, nicolae_benzene_ring,
          nicolae_tso_carved_into_rock, uniq_snorg, uniq_sonja
D:12:     layout_roguey, gauntlet_entry_generic
Temple:   minmay_crystal_snake_temple
Gauntlet: minmay_gauntlet_77_indecision [minmay_gauntlet_arena_77_mess,
          minmay_gauntlet_arena_77_double_cross, minmay_gauntlet_arena_77_path,
          minmay_gauntlet_arena_77_cramped,
          minmay_gauntlet_arena_77_broken_ladder,
          minmay_gauntlet_arena_77_hold_the_fort,
          nicolae_gauntlet_exit_dead_adventurers]

Skill      XL: |  1  2  3  4  5  6  7  8  9 10 |
---------------+-------------------------------+-----
Throwing       | 4 5 6 7 8 |  8.8
Fighting       | 3 4 5 7 8 |  8.9
Stealth        | 1 2 3 4 6 7 |  7.1
Evocations     | 1 2 |  2.0
Dodging        | 2 4 5 |  5.0
Armour         | 1 3 |  3.0
Invocations    | 4 |  4.0
Shields        | 2 |  2.0
Long Blades    | 2 |  2.0

Action                   |  1- 3 |  4- 6 |  7- 9 | 10-12 || total
-------------------------+-------+-------+-------+-------++-------
Melee: Short sword       |   120 |    98 |   174 |    32 ||   424
       Headbutt          |       |       |    26 |    26 ||    52
       Scimitar          |       |       |       |    82 ||    82
Throw: Javelin           |     7 |    14 |    13 |     5 ||    39
       Throwing net      |       |     1 |     3 |       ||     4
       Boomerang         |       |       |    65 |     7 ||    72
       Dart              |       |       |       |     1 ||     1
Invok: Heroism           |       |       |       |     4 ||     4
Evoke: Wand              |       |       |     3 |     5 ||     8
  Use: Scroll            |       |     3 |     7 |     6 ||    16
 Stab: Sleeping          |     2 |     5 |     1 |     3 ||    11
       Held in net/web   |       |       |     1 |       ||     1
  Eat: Chunk             |     4 |     4 |     2 |     7 ||    17
       Ration            |       |     2 |     2 |       ||     4
Armor: Leather armour    |    38 |    17 |       |       ||    55
       Ring mail         |       |    11 |    42 |    29 ||    82
Dodge: Dodged            |    71 |    51 |    86 |    53 ||   261
Block: Buckler           |    14 |    10 |    30 |    18 ||    72
       Rpst.: Scimitar   |       |       |       |     8 ||     8

Table legend:
 A = Non-vault XP
 B = Vault XP
 C = Vault XP percentage of total XP
 D = Non-vault monster count
 E = Vault monster count
 F = Vault count percentage of total count
                 A         B        C        D         E       F
            +---------+---------+-------+---------+---------+-------
      Total |    7292 |    2145 |  22.7 |     157 |      31 |  16.5
            +---------+---------+-------+---------+---------+-------
        D:1 |      32 |       0 |   0.0 |      16 |       0 |   0.0
        D:2 |      33 |      25 |  43.1 |      12 |       7 |  36.8
        D:3 |      55 |     115 |  67.6 |      20 |       1 |   4.8
        D:4 |      94 |     666 |  87.6 |       6 |      12 |  66.7
        D:5 |     362 |      75 |  17.2 |       9 |       2 |  18.2
        D:6 |    1539 |       0 |   0.0 |      31 |       0 |   0.0
        D:7 |    2080 |    1242 |  37.4 |      20 |       7 |  25.9
        D:8 |    2255 |       0 |   0.0 |      40 |       0 |   0.0
        D:9 |     214 |       0 |   0.0 |       1 |       0 |   0.0
       D:12 |     628 |       0 |   0.0 |       2 |       0 |   0.0
   Gauntlet |       0 |      22 | 100.0 |       0 |       2 | 100.0
            +---------+---------+-------+---------+---------+-------
